 Dungeon Crawl Stone Soup version 0.30.1-1-g62c8e00024 (webtiles) character file.

Game seed: 5369723195015540894

19265 cheesebisquit the Severer (level 12, -7/112 HPs)
             Began as a Hill Orc Fighter on July 17, 2023.
             Was a Priest of Lugonu.
             Mangled by a large slime creature (24 damage)
             ... on level 12 of the Dungeon.
             The game lasted 00:37:25 (12890 turns).

cheesebisquit the Severer (Hill Orc Fighter)       Turns: 12890, Time: 00:37:26

Health: -7/112     AC: 22    Str: 24    XL:     12   Next: 67%
Magic:  17/17      EV:  7    Int:  8    God:    Lugonu [***...]
Gold:   378        SH: 11    Dex: 10    Spells: 11/11 levels left

rFire   + . .        a - +3 war axe
rCold   . . .        c - +0 buckler
rNeg    . . .        E - +0 plate armour
rPois   .            D - +1 helmet
rElec   .            K - scarf {repulsion}
rCorr   .            e - +1 pair of gloves
SInv    .            q - +2 pair of boots
Will    .....        R - amulet of reflection Stlth
                     z - ring of protection from fire
HPRegen 0.38/turn    y - ring of flight
MPRegen 0.15/turn

%: repel missiles, reflection
@: mighty, flying
A: no striking features
a: Renounce Religion, Depart the Abyss, Banish


You were on level 12 of the Dungeon.
You worshipped Lugonu.
Lugonu was most pleased with you.
You visited 2 branches of the dungeon, and saw 13 of its levels.
You visited the Abyss 1 time.

You collected 594 gold pieces.
You spent 216 gold pieces at shops.

Inventory:

Hand Weapons
 a - a +3 war axe (weapon)
 M - a +5 morningstar of freezing
Missiles
 t - 31 poisoned darts
 v - 6 boomerangs (quivered)
 O - 2 curare-tipped darts
 P - 6 javelins
Armour
 c - a +0 buckler (worn)
 e - a +1 pair of gloves (worn)
 q - a +2 pair of boots (worn)
 A - a +0 cloak
 D - a +1 helmet (worn)
 E - a +0 plate armour (worn)
 K - a scarf of repulsion (worn)
Jewellery
 y - a ring of flight (right hand)
 z - a ring of protection from fire (left hand)
 L - an amulet of magic regeneration
 N - a ring of ice
 R - an amulet of reflection (around neck)
 V - a +6 ring of intelligence
Wands
 s - a wand of flame (11)
 w - a wand of acid (6)
 H - a wand of roots (17)
 I - a wand of charming (27)
 T - a wand of mindburst (9)
Scrolls
 b - 9 scrolls of teleportation
 h - a scroll of silence {unknown}
 i - a scroll of summoning {unknown}
 l - a scroll of immolation
 n - a scroll of brand weapon {unknown}
 x - a scroll of torment
 B - a scroll of magic mapping
 C - a scroll of amnesia
 F - a scroll of poison
 S - 2 scrolls of blinking {unknown}
Potions
 d - 3 potions of might
 f - 3 potions of attraction
 g - 2 potions of resistance
 j - 2 potions of brilliance
 m - 2 potions of flight
 o - a potion of magic
 p - 5 potions of lignification
 r - 8 potions of curing
 u - a potion of ambrosia
 G - 2 potions of mutation


   Skills:
 * Level 12.3 Fighting
 + Level 16.4 Axes
 + Level 9.4 Armour
 + Level 2.2 Dodging
 + Level 9.4 Shields
 + Level 7.4 Invocations


You had 11 spell levels left.
You didn't know any spells.
Your spell library contained the following spells:

 Spells                   Type           Power      Damage    Failure   Level
 Poisonous Vapours        Pois/Air       0%         N/A       100%        2
 Dazzling Flash           Conj/Hex       0%         N/A       100%        3
 Mephitic Cloud           Conj/Pois/Air  0%         N/A       100%        3
 Portal Projectile        Hex/Tloc       0%         N/A       100%        3
 Tukima's Dance           Hex            0%         N/A       100%        3
 Vhi's Electric Charge    Tloc/Air       0%         N/A       100%        3
 Volatile Blastmotes      Fire/Tloc      0%         2d10      100%        3
 Fulminant Prism          Conj/Hex       0%         3d5       100%        4
 Iskenderun's Mystic Bla  Conj/Tloc      0%         2d3       100%        4
 Arcjolt                  Conj/Air       0%         1d10      100%        5
 Blade Hands              Tmut           0%         N/A       100%        5
 Freezing Cloud           Conj/Ice/Air   0%         6-21      100%        5
 Lee's Rapid Deconstruct  Erth           0%         3d4*      100%        5
 Summon Forest            Summ/Tloc      0%         N/A       100%        5
 Summon Mana Viper        Hex/Summ       0%         N/A       100%        5
 Starburst                Conj/Fire      0%         6d3       100%        6
 Summon Cactus Giant      Summ           0%         N/A       100%        6
 Maxwell's Capacitive Co  Air            0%         ∞         100%        8


Dungeon Overview and Level Annotations

Branches:
Dungeon (12/15)            Temple (1/1) D:6            Lair (0/5) D:10
    Orc: D:9-12

Altars:
Ashenzari
Cheibriados
Dithmenos
Elyvilon
Fedhas
Gozag
Hepliaklqana
Kikubaaqudgha
Makhleb
Nemelex Xobeh
Okawaru
Qazlal
Ru
Sif Muna
Trog
Uskayaw
Vehumet
Wu Jian
Xom
Yredelemnul
Zin
The Shining One

Shops:
D:5 ((!:   D:8 [[:=[

Portals:
Abyss: D:5
Trove: D:10 (give +8 demon trident)

Annotations:
D:5 2 transporters, kitiara's ghost, amateur MiHu
D:8 2 transporters, erynZofia's ghost, novice FoHu


Message History

The large slime creature is heavily wounded.
You slash the large slime creature! You hit the two-headed ogre.
The large slime creature hits you!
You block the large slime creature's attack.
You hit the large slime creature.
The large slime creature is heavily wounded.
You hit the large slime creature.
You hit the two-headed ogre but do no damage.
The large slime creature hits you but does no damage.
The large slime creature hits you!!
The two-headed ogre hits you with a +0 giant club!
The two-headed ogre hits you but does no damage.
You feel much better.
You block the large slime creature's attack.
The large slime creature hits you!!
You feel very mighty all of a sudden.
The two-headed ogre hits you with a +0 giant club.
The two-headed ogre hits you with a +0 giant club!
The large slime creature hits you.
You block the large slime creature's attack.
You hit the large slime creature.
The large slime creature is severely wounded.
You slash the two-headed ogre! You slash the large slime creature!
The large slime creature hits you!!
* * * LOW HITPOINT WARNING * * *
The large slime creature closely misses you.
The two-headed ogre barely misses you.
The two-headed ogre hits you but does no damage.
You hit the large slime creature.
The large slime creature is severely wounded.
You slash the two-headed ogre! You slash the large slime creature!
You completely miss the large slime creature.
The large slime creature is severely wounded.
You slash the large slime creature! You slash the two-headed ogre!
You kill the two-headed ogre!
Lugonu accepts your kill.
A large slime creature splits.
The large slime creature hits you!!
* * * LOW HITPOINT WARNING * * *
You feel better. The large slime creature hits you!!
You die...

.>#.. ##.. .
.....#####
#.........
##..#.."...
#..T.....
#.JJJ.#
####.#@##
#.......#
#####....#
#.....##.####
#...........#
#........####
#........#
#........#
#........#
######


You could see a large slime creature, 2 slime creatures and a troll.

Vanquished Creatures
  A vault guard (D:10)
  Erolcha (D:9)
  4 two-headed ogres
  A boulder beetle (D:12)
  Nergalle (D:11)
  3 skeletal warriors (D:10)
  An ugly thing (D:11)
  A manticore (D:11)
  2 kobold demonologists (D:9)
  An unseen horror (D:12)
  3 komodo dragons
  2 trolls
  A hornet (D:8)
  Prince Ribbit (D:9)
  5 slime creatures (D:12)
  A ynoxinul (Abyss:1)
  2 wraiths
  A spriggan (D:7)
  3 wyverns (D:10)
  2 shadows
  Eustachio (D:6)
  A wyvern (shapeshifter) (D:11)
  12 yaks
  3 steam dragons (D:10)
  8 vampire mosquitoes
  2 water moccasins
  3 orc warriors
  A sky beast (D:6)
  A black bear (D:5)
  4 ice beasts
  4 ogres
  4 centaurs (D:8)
  2 phantoms
  5 bullfrogs
  5 kobold brigands
  A scorpion (D:5)
  A gnoll sergeant (D:8)
  5 wights
  19 killer bees
  2 howler monkeys
  3 electric eels (D:7)
  4 hounds
  2 orc priests (D:9)
  A sleepcap (D:8)
  Jessica (D:3)
  An iguana (D:4)
  2 orc wizards (D:9)
  A statue (D:5)
  10 gnolls
  7 adders
  2 dart slugs
  8 orcs
  5 bats
  3 endoplasms
  6 giant cockroaches
  4 goblins
  8 hobgoblins
  4 jackals (D:1)
  19 kobolds
  2 quokkas (D:1)
  2 ball pythons
  5 frilled lizards
  5 rats
226 creatures vanquished.

Vanquished Creatures (others)
  A wizard (D:9)
  An orc wizard (D:8)
  A quokka (D:7)
3 creatures vanquished.

Grand Total: 229 creatures vanquished

Notes
Turn   | Place    | Note
-------+----------+-------------------------------------------
     0 | D:1      | cheesebisquit the Hill Orc Fighter began the quest for the
                  | Orb.
     0 | D:1      | Reached XP level 1. HP: 19/19 MP: 1/1
    31 | D:1      | Reached skill level 3 in Axes
   125 | D:1      | Reached XP level 2. HP: 22/27 MP: 2/2
   522 | D:2      | Found an ancient bone altar of Kikubaaqudgha.
   529 | D:2      | Reached XP level 3. HP: 33/33 MP: 3/3
   726 | D:2      | Reached skill level 4 in Axes
   727 | D:2      | Reached XP level 4. HP: 40/40 MP: 4/4
  1376 | D:3      | Noticed Jessica
  1382 | D:3      | Killed Jessica
  1387 | D:3      | Reached XP level 5. HP: 42/47 MP: 5/5
  1473 | D:3      | Found a shimmering blue altar of Sif Muna.
  1482 | D:3      | Found a shadowy altar of Dithmenos.
  1791 | D:3      | Found a large runed translucent door.
  1793 | D:3      | Found a large runed translucent door.
  2251 | D:3      | Found an iron altar of Okawaru.
  2262 | D:3      | Found a stormy altar of Qazlal.
  2368 | D:4      | Reached skill level 5 in Axes
  2371 | D:4      | Noticed a phantom
  2372 | D:4      | You fall into a shaft and drop 3 floors!
  2391 | D:6      | Noticed a phantom
  2414 | D:7      | Reached XP level 6. HP: 49/55 MP: 6/6
  2589 | D:5      | Entered Level 5 of the Dungeon
  2593 | D:5      | Noticed an ancient zyme
  2595 | D:5      | Found a one-way gate to the infinite horrors of the Abyss.
  2595 | D:5      | Noticed a small abomination
  2595 | D:5      | Noticed kitiara's ghost (amateur MiHu)
  2614 | D:5      | Noticed a small abomination
  2623 | D:5      | Reached skill level 5 in Fighting
  2628 | D:5      | Reached skill level 6 in Axes
  2638 | D:5      | Reached XP level 7. HP: 48/61 MP: 7/7
  2693 | D:5      | Found Hinitad's Antique Weapon Shop.
  2702 | D:5      | Found a transporter.
  2827 | D:4      | Found an opulent altar of Gozag.
  3306 | D:5      | Found a transporter.
  3324 | D:5      | Reached skill level 7 in Axes
  3324 | D:5      | Reached skill level 5 in Armour
  3324 | D:5      | Reached skill level 5 in Shields
  3390 | D:5      | Found a radiant altar of Vehumet.
  3469 | D:5      | Reached XP level 8. HP: 50/70 MP: 8/8
  3549 | D:5      | Found Yfruboi's Distillery.
  3556 | D:5      | Reached skill level 8 in Axes
  3575 | D:5      | Bought 2 potions of might for 96 gold pieces
  3575 | D:5      | Bought a potion of curing for 36 gold pieces
  3575 | D:5      | Bought a potion of might for 48 gold pieces
  3575 | D:5      | Bought a potion of curing for 36 gold pieces
  3688 | D:5      | Found Foseg's Weapon Boutique.
  3879 | D:5      | Found Gifaag Anoos's Book Shoppe.
  4171 | D:6      | Found a basalt altar of Yredelemnul.
  4452 | D:6      | Reached skill level 9 in Axes
  4462 | D:6      | Noticed Eustachio
  4489 | D:6      | Killed Eustachio
  4701 | D:6      | Found a staircase to the Ecumenical Temple.
  4710 | Temple   | Entered the Ecumenical Temple
  5126 | D:7      | Found a white marble altar of Elyvilon.
  5147 | D:7      | Reached XP level 9. HP: 61/79 MP: 9/9
  5327 | D:7      | Reached skill level 10 in Axes
  6202 | D:8      | Noticed erynZofia's ghost (novice FoHu)
  6211 | D:8      | Found a transporter.
  6293 | D:8      | Reached skill level 11 in Axes
  6385 | D:8      | Found Xekuv's Book Emporium.
  6391 | D:8      | Found Wigridev's Antique Armour Shop.
  6443 | D:8      | Noticed a hornet
  6519 | D:8      | Reached XP level 10. HP: 43/89 MP: 10/10
  6551 | D:8      | Reached skill level 12 in Axes
  6824 | D:8      | Found a snail-covered altar of Cheibriados.
  6913 | D:8      | Found Feujey's Armour Emporium.
  6944 | D:8      | Noticed a two-headed ogre
  6958 | D:8      | Killed a two-headed ogre
  7203 | D:8      | Found Appek's Jewellery Shop.
  7235 | D:8      | Found a transporter.
  7249 | D:8      | Found Seygedar's Armour Shop.
  7752 | D:9      | Noticed a kobold demonologist
  7789 | D:9      | Noticed a smoke demon
  7789 | D:9      | Noticed a kobold demonologist
  7791 | D:9      | Killed a kobold demonologist
  7792 | D:9      | Reached skill level 13 in Axes
  7802 | D:9      | Killed a kobold demonologist
  8297 | D:9      | Noticed Prince Ribbit
  8326 | D:9      | Killed Prince Ribbit
  8363 | D:9      | Noticed Erolcha
  8367 | Abyss:1  | Cast into level 1 of the Abyss (Erolcha)
  8437 | Abyss:1  | Found a corrupted altar of Lugonu.
  8444 | Abyss:1  | Became a worshipper of Lugonu the Unformed
  8444 | Abyss:1  | Reached * piety under Lugonu
  8444 | Abyss:1  | Reached ** piety under Lugonu
  8445 | D:9      | Escaped the Abyss
  8449 | D:9      | Killed Erolcha
  8450 | D:9      | Reached XP level 11. HP: 99/99 MP: 9/11
  8551 | D:9      | Found a bloodstained altar of Trog.
  8557 | D:9      | Noticed a wizard
  8562 | D:9      | Killed a wizard
  8767 | D:10     | Entered Level 10 of the Dungeon
  8776 | D:10     | Noticed a two-headed ogre
  8789 | D:10     | Killed a two-headed ogre
  8790 | D:10     | Reached skill level 14 in Axes
  8790 | D:10     | Reached skill level 1 in Invocations
  8874 | D:10     | Noticed a skeletal warrior
  8876 | D:10     | Noticed a skeletal warrior
  8903 | D:10     | Killed a skeletal warrior
  8904 | D:10     | Reached skill level 10 in Fighting
  8916 | D:10     | Killed a skeletal warrior
  9099 | D:10     | Noticed a skeletal warrior
  9117 | D:10     | Killed a skeletal warrior
  9484 | D:10     | Noticed a vault guard
  9514 | D:10     | Killed a vault guard
  9515 | D:10     | Reached skill level 15 in Axes
  9689 | D:10     | Found a portal to a secret trove of treasure.
 10035 | D:10     | Reached skill level 5 in Invocations
 10510 | D:10     | Found a staircase to the Lair.
 11052 | D:11     | Reached skill level 16 in Axes
 11052 | D:11     | Reached XP level 12. HP: 108/110 MP: 16/16
 11445 | D:11     | Noticed Nergalle
 11459 | D:11     | Killed Nergalle
 11460 | D:11     | Reached skill level 1 in Dodging
 12255 | D:11     | Noticed a two-headed ogre
 12265 | D:11     | Killed a two-headed ogre
 12620 | D:12     | Reached *** piety under Lugonu
 12682 | D:12     | Noticed a boulder beetle
 12695 | D:12     | Killed a boulder beetle
 12875 | D:12     | Noticed a two-headed ogre
 12889 | D:12     | Killed a two-headed ogre
 12890 | D:12     | Mangled by a large slime creature

Illustrated notes

Levels and vault maps discovered:
D:1:      lemuel_arrival_broad_hall, layout_rooms
D:2:      layout_loops_ring, basic_altar
D:3:      layout_loops_corners, jmf_multi_god_temple2,
          mainiacjoe_overflow_swirl, grunt_decor_cap, uniq_jessica
D:4:      layout_rooms, grunt_gozag_statues
D:5:      layout_basic, vehumet_statue, gammafunk_ghost_abyssal_escape,
          serial_shops, nicolae_stop_n_shop_1, shop_fountains,
          nicolae_shop_rolling_square, kennysheep_little_box,
          minmay_crystal_room
D:6:      layout_basic, mainiacjoe_overflow_paths, minmay_temple_entry_poolview,
          uniq_eustachio
D:7:      layout_basic, elyvilon_altar_4, minivault_14, the_hattery
D:8:      cheibrodos_barr_body, layout_basic, lemuel_tele_altar,
          gammafunk_ghost_arena, serial_shops, shop,
          nicolae_shop_advertising_works [nicolae_subvault_shop_adworks],
          nicolae_shop_back_alley_shop, nicolae_shop_window_shopping, shop
D:9:      layout_gridville, trog_wizard, uniq_prince_ribbit1, uniq_erolcha
D:10:     cheibrodos_steamvent, layout_irregular_city, erik_lair_dragon,
          enter_trove_5, small_statue_intersection
D:11:     layout_basic, uniq_nergalle
D:12:     layout_basic, erik_orc_1, chequers_jeans
Temple:   nicolae_temple_bog_church

Skill      XL: |  1  2  3  4  5  6  7  8  9 10 11 12 |
---------------+-------------------------------------+-----
Axes           | 3 4 5 6 7 9 11 13 16 | 16.4
Fighting       | 4 5 6 7 8 9 11 12 | 12.3
Armour         | 4 5 6 7 8 9 |  9.4
Shields        | 4 5 6 7 8 9 |  9.4
Invocations    | 6 7 |  7.4
Dodging        | 2 |  2.2

Action                     |  1- 3 |  4- 6 |  7- 9 | 10-12 || total
---------------------------+-------+-------+-------+-------++-------
  Melee: War axe           |    83 |    86 |   369 |   567 ||  1105
  Throw: Boomerang         |       |    10 |    40 |    58 ||   108
         Throwing net      |       |     1 |       |       ||     1
         Dart              |       |       |       |    22 ||    22
 Invoke: Depart the Abyss  |       |       |       |     1 ||     1
  Evoke: Wand              |       |       |     6 |       ||     6
    Use: Scroll            |       |     9 |     6 |    15 ||    30
         Potion            |       |       |     1 |    19 ||    20
 Armour: Scale mail        |    45 |     5 |       |       ||    50
         Chain mail        |       |    33 |    48 |       ||    81
         Plate armour      |       |       |   166 |   256 ||   422
  Dodge: Dodged            |    44 |    34 |   125 |   112 ||   315
         Repelled          |       |       |     1 |     2 ||     3
  Block: Buckler           |    20 |    21 |   103 |   259 ||   403
         Reflection        |       |       |     1 |     5 ||     6
